 Dungeon Crawl Stone Soup version bcrawl-1.36.4 (webtiles) character file.

Game seed: 6031080181907118492

165435 astraldaughter the Cudgeler (level 5, -2/57 HPs)
             Began as an Ent Sloth Apostle on July 14, 2022.
             Was a Believer of Cheibriados.
             Slain by an ogre
             ... wielding a +0 giant club
              (17 damage)
             ... on level 4 of the Dungeon.
             The game lasted 00:08:11 (2513 turns).

astraldaughter the Cudgeler (Ent Sloth Apostle)     Turns: 2513, Time: 00:08:12

Health: -2/57      AC: 14    Str: 26    XL:     5   Next: 56%
Magic:  5/6        EV:  6    Int: 17    God:    Cheibriados [**....]
Gold:   242        SH:  9    Dex: 14    Spells: 5/6 levels left

rFire    . . .     SeeInvis .   t - +0 flail
rCold    . . .     Gourm    .   b - +0 medium shield
rNeg     + + +     Faith    .   (armour unavailable)
rPois    +         Spirit   .   (helmet restricted)
rElec    +         Reflect  .   m - +1 cloak
rCorr    .         Clarity  +   (gloves unavailable)
MR       .....                  (boots unavailable)
Stlth    +++.......             (no amulet)
HPRegen  0.19/turn              v - ring of insulation
MPRegen  0.10/turn              (no ring)

@: very slow
A: large, slow actions, passwall, strong branches, negative energy resistance 3,
poison resistance, slow metabolism 1, torment resistance, unbreathing, AC +12
a: Passwall, Bend Time, Defer, Renounce Religion


You were on level 4 of the Dungeon.
You worshipped Cheibriados.
Cheibriados was pleased with you.
You were not hungry.

You visited 1 branch of the dungeon, and saw 4 of its levels.

You collected 242 gold pieces.

Inventory:

Hand Weapons
 t - a +0 flail (weapon)
Armour
 b - a +0 medium shield (worn)
 m - a +1 cloak (worn)
Jewellery
 v - a ring of insulation (left hand)
 w - a cursed ring of attention {unknown}
Wands
 a - a wand of acid (6)
 c - a wand of paralysis (8)
Scrolls
 i - 3 scrolls of identify
 j - 4 scrolls of remove curse {unknown}
 k - a scroll of enchant armour {unknown}
 l - 2 scrolls of immolation {unknown}
 n - 2 scrolls of enchant weapon {unknown}
 q - 2 scrolls of amnesia {unknown}
Potions
 d - a potion of degeneration {unknown}
 f - a potion of heal wounds {unknown}
 g - a potion of magic {unknown}
 h - a potion of brilliance {unknown}
 o - 3 potions of curing {unknown}
 p - a potion of agility {unknown}
 r - a potion of lignification {unknown}
 u - a potion of haste
Comestibles
 e - 9 rations {!d}


   Skills:
 + Level 3.4 Fighting
 * Level 4.9 Maces & Flails
 + Level 4.6 Stealth
 + Level 2.5 Shields
 - Level 1.2 Spellcasting
 - Level 2.0 Hexes
 - Level 0.8 Evocations


You had 5 spell levels left.
You knew the following spells:

 Your Spells              Type           Power        Failure   Level  Hunger
a - Slow                  Hex            #.......     50%         1    None
Your spell library was empty.

Dungeon Overview and Level Annotations

Branches:
Dungeon (4/12)
 Temple: D:4-7

Altars:
Fedhas
Ru
Trog
The Shining One


Innate Abilities, Weirdness & Mutations

You move and act slowly.
You can pass through walls and trees.
Your branches can wield two-handed weapons with a shield.
Your thick bark is tough. (AC +12)
You are too large for most types of armour.
You are immune to negative energy. (rN+++)
Your system is resistant to poisons. (rPois)
You have a slow metabolism.
You are immune to unholy pain and torment.
You can survive without breathing.


Message History

Deactivating autopickup; reactivate with Ctrl-A.
You block the ogre's attack.
You barely miss the ogre. The ogre hits you with a +0 giant club!
You barely miss the ogre.
An orc comes into view. It is wielding a +0 club.
The ogre hits you with a +0 giant club!
An orc wizard comes into view. It is wielding a +0 dagger.
Okay, then.
Aiming: Passwall
Press: ? - help, Dir - move target cursor The orc wizard shouts!
The orc shouts!
Something hits you but does no damage. The ogre hits you with a +0 giant club!
The orc wizard gestures wildly while chanting.
The orc wizard flickers and vanishes!
You begin to meditate on the wall.
You continue meditating on the barrier.
The orc drinks a potion.
The orc seems to speed up.
The ogre hits you with a +0 giant club!
You die...

.......#.......#...####
.......#......##.......
.......[......#....?...
...#...................
...........#....##.#...
...........#.<........
...........#......#..
...##.....##.....##
##.#..##......#.@.#
#..........####.O.#
.........#.. #..=#
.........##. #.....
......... #. ..o##.#
.###.... ..o# .# .#
.... # .. #...{ ...


You could see an ogre and 2 orcs.

Vanquished Creatures
  A howler monkey (D:4)
  A crimson imp (D:4)
  A worker ant (D:4)
  An adder (D:2)
  5 oozes
  A worm (D:1)
  A dart slug (D:1)
  4 leopard geckos
  6 orcs
  7 giant cockroaches
  3 goblins (D:1)
  8 hobgoblins
  7 jackals
  2 bats (D:1)
  3 frilled lizards
  5 kobolds
  9 rats
65 creatures vanquished.

Notes
Turn   | Place    | Note
-------+----------+-------------------------------------------
     0 | D:1      | astraldaughter the Ent Sloth Apostle began the quest for
                  | the Orb.
     0 | D:1      | Reached XP level 1. HP: 22/22 MP: 2/2
    87 | D:1      | Reached XP level 2. HP: 32/32 MP: 3/3
   169 | D:1      | Reached XP level 3. HP: 27/39 MP: 4/4
   245 | D:1      | Reached * piety under Cheibriados
  1055 | D:2      | Found a sacrificial altar of Ru.
  1107 | D:2      | Reached XP level 4. HP: 47/47 MP: 5/5
  1255 | D:2      | Reached ** piety under Cheibriados
  2333 | D:4      | Found a blossoming altar of Fedhas.
  2360 | D:4      | Reached XP level 5. HP: 28/57 MP: 6/6
  2432 | D:4      | Found a glowing golden altar of the Shining One.
  2432 | D:4      | Found a bloodstained altar of Trog.
  2506 | D:4      | Noticed an ogre
  2513 | D:4      | Slain by an ogre

Skill      XL: |  1  2  3  4 |
---------------+-------------+-----
Maces & Flails | 3 4 |  4.9
Stealth        | 4 |  4.6
Shields        | 2 |  2.5
Fighting       | 3 |  3.4
Spellcasting   | |  1.2
Hexes          | |  2.0
Evocations     | |  0.8

Action                   |  1- 3 |  4- 6 || total
-------------------------+-------+-------++-------
Melee: Mace              |   118 |    42 ||   160
       Flail             |       |    35 ||    35
 Abil: Passwall          |       |     1 ||     1
Evoke: Wand              |       |     2 ||     2
 Stab: Sleeping          |     9 |     3 ||    12
  Eat: Chunk             |     3 |     5 ||     8
       Ration            |       |     1 ||     1
Armor: Skin              |   148 |    62 ||   210
Dodge: Dodged            |    61 |    19 ||    80
Block: Medium shield     |    76 |    45 ||   121
